 Dungeon Crawl Stone Soup version 0.20-a0-277-g7db01f4 (webtiles) character file.

100 Havercy the Skirmisher (level 4, -1/37 HPs)
             Began as a Mummy Chaos Knight on Dec 13, 2016.
             Slain by a worm (10 damage)
             ... on level 2 of the Dungeon.
             The game lasted 00:01:24 (1061 turns).

Havercy the Skirmisher (Mummy Chaos Knight)         Turns: 1061, Time: 00:01:25

Health: -1/37      AC:  6    Str: 16    XL:     4   Next: 47%
Magic:  4/4        EV: 11    Int: 11    God:    Xom [..*...]
Gold:   76         SH:  0    Dex: 11    Spells: 3/3 levels left

rFire  x . .     SeeInvis .     a - +0 falchion (chaos)
rCold  + . .     Gourm    .     b - +2 leather armour
rNeg   + + +     Faith    .     (no shield)
rPois  ∞         Spirit   .     i - +1 hat
rElec  .         Reflect  .     (no cloak)
rCorr  .         Harm     .     (no gloves)
MR     .....                    (no boots)
Stlth  +.........               (no amulet)
                                (no ring)
                                (no ring)

@: no status effects
A: no food or potions, fire vulnerability, cold resistance 1, negative energy
resistance 3, torment resistance, unbreathing
a: Renounce Religion


You were on level 2 of the Dungeon.
You worshipped Xom.
You were a toy of Xom.
You were not hungry.

You visited 1 branch of the dungeon, and saw 2 of its levels.

You collected 76 gold pieces.

Inventory:

Hand Weapons
 a - a +0 falchion of chaos (weapon)
Armour
 b - a +2 leather armour (worn)
 h - a +0 helmet
 i - a +1 hat (worn)
Jewellery
 e - an uncursed ring of poison resistance {unknown}
Scrolls
 c - a scroll of remove curse {unknown}
 d - a scroll of blinking {unknown}
 f - a scroll of noise {unknown}
 g - 2 scrolls of identify {unknown}


   Skills:
 + Level 3.8 Fighting
 + Level 3.5 Long Blades
 + Level 2.0 Armour
 + Level 1.0 Dodging


You had 3 spell levels left.
You didn't know any spells.

Dungeon Overview and Level Annotations

Branches:
Dungeon (2/15)

Altars:


Innate Abilities, Weirdness & Mutations

You do not eat or drink.
Your flesh is vulnerable to fire.
You are immune to poison.
Your flesh is cold resistant. (rC+)
You are immune to negative energy. (rN+++)
You are immune to unholy pain and torment.
You can survive without breathing.


Message History

Unknown command.
Something bites you but does no damage.
Unknown command.
You start resting.
Something bites you.
You start resting.
Something bites you.
A dart slug comes into view.
A dart slug is nearby!
You see here a scroll labeled SIFOIXK KAOLAN.
A dart slug is nearby!
A giant cockroach comes into view.
Something bites you but does no damage.
You hit something. You freeze something.
Something bites you but does no damage.
You hit something.
Your brain hurts!
The giant cockroach waves its antennae.
You hit something.
Nothing appears to happen.
Something bites you.
* * * LOW HITPOINT WARNING * * *
You closely miss something. Something bites you!
You die...

.# ##.# #.. .# #s# .#
##.###.## #w..?...#
#.......#
#########.?.....#
#.....@.ws......#
#.#######...(...# #<###
###.......# ####.
...#.........#### ....#
#.#...#........##
#....#....###...##...#
#...####.###.#.#.#...###
#....#...)# #..........#
#..#.#.###.#.#.........#


You could see a dart slug and a giant cockroach.

Vanquished Creatures
  4 gnolls
  2 adders (D:2)
  A leopard gecko (D:2)
  A ball python (D:1)
  3 giant cockroaches (D:1)
  4 hobgoblins
  3 kobolds
  A quokka (D:2)
  10 bats
  4 frilled lizards (D:1)
  6 goblins
  5 rats
44 creatures vanquished.

Notes
Turn   | Place    | Note
-------+----------+-------------------------------------------
     0 | D:1      | Havercy the Mummy Chaos Knight began the quest for the Orb.
     0 | D:1      | Reached XP level 1. HP: 18/18 MP: 1/1
   145 | D:1      | Reached XP level 2. HP: 24/24 MP: 2/2
   440 | D:1      | Reached XP level 3. HP: 29/29 MP: 3/3
   525 | D:2      | XOM: confuse monster(s)
   548 | D:2      | Reached skill level 1 in Dodging
   552 | D:2      | Reached XP level 4. HP: 15/37 MP: 4/4
   572 | D:1      | HP: 1/37 [gnoll (2)]
   888 | D:1      | XOM: divination: magic mapping
  1061 | D:2      | Slain by a worm

Vault maps used:
D:1:      noname_arrival_rooms_in_the_neighbourhood, bh_walls_and_bars
D:2:      overflow_temple_1_default

Skill      XL: |  1  2  3  4 |
---------------+-------------+-----
Long Blades    | 3 |  3.5
Dodging        | 1 |  1.0
Armour         | 2 |  2.0
Fighting       | |  3.8

Action                   |  1- 3 |  4- 6 || total
-------------------------+-------+-------++-------
Melee: Falchion          |    74 |    41 ||   115
 Stab: Confused          |       |     1 ||     1
       Petrifying        |       |     1 ||     1
Armor: Leather armour    |    34 |    10 ||    44
Dodge: Dodged            |    47 |    15 ||    62
       Rpst.: Falchion   |    21 |     4 ||    25
